 Dungeon Crawl Stone Soup version 0.25-a0-482-g9b3b753f3f (webtiles) character file.

Game seed: 15250542902380113117, levelgen mode: deterministic

147 Ijustatesigmund the Chopper (level 5, 0/41 HPs)
             Began as a Human Gladiator on Feb 10, 2020.
             Slain by Menkaure (7 damage)
             ... on level 4 of the Dungeon.
             The game lasted 00:05:07 (2269 turns).

Ijustatesigmund the Chopper (Human Gladiator)       Turns: 2269, Time: 00:05:08

Health: 0/41       AC: 10    Str: 12 (15) XL:     5   Next: 54%
Magic:  5/5        EV: 11    Int:  6 (9)  God:
Gold:   130        SH:  0    Dex: 12 (14) Spells: 4/4 levels left

rFire    . . .     SeeInvis .   t - +5 flail
rCold    . . .     Gourm    +   (no shield)
rNeg     . . .     Faith    .   b - +0 ring mail
rPois    .         Spirit   .   c - +0 helmet
rElec    .         Reflect  .   l - +0 cloak
rCorr    +         Harm     .   (no gloves)
MR       .....                  (no boots)
Stlth    +.........             m - amulet of the gourmand
HPRegen  0.13/turn              i - +3 ring of protection
MPRegen  0.09/turn              u - ring of resist corrosion

@: no status effects
A: no striking features
a: no special abilities


You were on level 4 of the Dungeon.
You were very full.

You visited 1 branch of the dungeon, and saw 4 of its levels.

You collected 130 gold pieces.

Inventory:

Hand Weapons
 a - a +0 war axe
 t - a +5 flail (weapon)
 v - a +1 hand axe of flaming
Missiles
 d - 2 throwing nets
 k - 22 poisoned darts (quivered)
Armour
 b - a +0 ring mail (worn)
 c - a +0 helmet (worn)
 l - a +0 cloak (worn)
Jewellery
 i - a +3 ring of protection (left hand)
 m - an amulet of the gourmand (around neck)
 u - a ring of resist corrosion (right hand)
 w - a +4 ring of slaying {unknown}
Scrolls
 h - 5 scrolls of amnesia
 n - 2 scrolls of remove curse
 o - a scroll of noise {unknown}
 p - a scroll of identify {unknown}
 q - a scroll of enchant armour {unknown}
 s - a scroll of blinking
 x - a scroll of immolation
Potions
 e - a potion of degeneration
 g - a potion of heal wounds {unknown}
 j - a potion of ambrosia {unknown}
 r - a potion of experience {unknown}
Comestibles
 f - 6 rations


   Skills:
 + Level 3.3 Fighting
 - Level 4.8 Axes
 * Level 0.0(2.8) Maces & Flails
 - Level 2.0 Throwing
 + Level 1.2 Armour
 - Level 3.0 Dodging


You had 4 spell levels left.
You didn't know any spells.
Your spell library was empty.

Dungeon Overview and Level Annotations

Branches:
Dungeon (4/15)
 Temple: D:4-7

Altars:
Okawaru
Ru
Yredelemnul

Annotations:
D:4 Menkaure


Message History

Menkaure calls on the powers of darkness!
Your body is wracked with pain!
You sock Menkaure!
Menkaure is heavily damaged.
Menkaure barely misses you.
You hit Menkaure.
Menkaure is severely damaged.
Menkaure hits you!
* * * LOW HITPOINT WARNING * * *
You are too injured to fight recklessly!
You are too injured to fight recklessly!
You are too injured to fight recklessly!
You are too injured to fight recklessly!
You are too injured to fight recklessly!
You are too injured to fight recklessly!
It was a potion of degeneration.
There was something very wrong with that liquid.
You feel weakened.
You feel dopey.
You feel clumsy. Menkaure hits you!
You die...

#### #####..####
##.#...<....
##...........
##............
#######...........##
#................##
#...###..........#
#.#@..##..####.....
#....M.P..#...# .......
#.##..PP..#....#..##...
#. ...P.♣P......# .
.....♣♣♣......# .PP♣P..
P...... .♣♣♣♣.. .##.
♣.. .


You could see Menkaure.

Vanquished Creatures
  An orc wizard (D:3)
  2 adders
  An ooze (D:2)
  2 worms (D:2)
  3 dart slugs
  2 leopard geckos
  10 orcs (D:3)
  5 ball pythons
  4 bats
  2 giant cockroaches
  7 goblins
  8 hobgoblins
  2 jackals (D:3)
  2 quokkas
  7 frilled lizards
  6 kobolds
  8 rats
72 creatures vanquished.

Notes
Turn   | Place    | Note
-------+----------+-------------------------------------------
     0 | D:1      | Ijustatesigmund the Human Gladiator began the quest for the
                  | Orb.
     0 | D:1      | Reached XP level 1. HP: 16/16 MP: 1/1
     5 | D:1      | Noticed a minotaur zombie
     8 | D:1      | Noticed a merfolk zombie
    51 | D:1      | Reached XP level 2. HP: 13/22 MP: 2/2
   540 | D:1      | Reached XP level 3. HP: 27/28 MP: 3/3
   956 | D:2      | Reached skill level 4 in Axes
   978 | D:2      | Found an iron altar of Okawaru.
  1025 | D:2      | Reached XP level 4. HP: 34/34 MP: 4/4
  1444 | D:3      | Found a faded altar of an unknown god.
  1647 | D:3      | Reached XP level 5. HP: 32/41 MP: 5/5
  1727 | D:3      | Reached skill level 1 in Armour
  1782 | D:3      | Found a sacrificial altar of Ru.
  1838 | D:3      | Found a basalt altar of Yredelemnul.
  2262 | D:4      | Noticed Menkaure
  2269 | D:4      | Slain by Menkaure

Levels and vault maps discovered:
D:1:      shiori_arrival_whats_in_store_for_you, layout_rooms, serial_rivers,
          chequers_serial_rivers_micro_e, chequers_serial_rivers_small_a,
          chequers_serial_rivers_micro_a, chequers_serial_rivers_room_a,
          hangedman_abyss_or_decor_stabs, minmay_shallow_snake_nest
D:2:      layout_basic, okawaru_metal_pillars_1_2
D:3:      layout_basic, lemuel_doored_altar, old_standard_altar,
          chequers_ecumenical_altar_simple, first_ration, st_stairs_14
D:4:      layout_cave_pools, marbit_many_paths, tso_oasis_becter,
          minmay_temple_entry_mini_moons, serial_forest,
          infiniplex_forest_clump_double, infiniplex_forest_lined_room_3,
          infiniplex_forest_join, infiniplex_forest_split,
          infiniplex_forest_straight_2, infiniplex_forest_straight_4,
          infiniplex_forest_split, infiniplex_forest_clump_diagonal,
          minmay_shop_grid_forest, uniq_edmund, uniq_menkaure

Skill      XL: |  1  2  3  4  5 |
---------------+----------------+-----
Axes           | 4 |  4.8
Fighting       | 3 |  3.3
Armour         | 1 |  1.2
Throwing       | |  2.0
Dodging        | |  3.0

Action                   |  1- 3 |  4- 6 || total
-------------------------+-------+-------++-------
Melee: War axe           |    86 |    72 ||   158
       Hand axe          |       |    10 ||    10
       Flail             |       |     6 ||     6
Throw: Dart              |       |     4 ||     4
       Throwing net      |       |     1 ||     1
  Use: Scroll            |     5 |       ||     5
       Potion            |       |     1 ||     1
 Stab: Sleeping          |     1 |       ||     1
  Eat: Chunk             |       |    20 ||    20
Armor: Leather armour    |    30 |    16 ||    46
       Ring mail         |       |    17 ||    17
Dodge: Dodged            |    74 |    58 ||   132

Table legend:
 A = Non-vault XP
 B = Vault XP
 C = Vault XP percentage of total XP
 D = Non-vault monster count
 E = Vault monster count
 F = Vault count percentage of total count
                 A         B        C        D         E       F
            +---------+---------+-------+---------+---------+-------
      Total |     203 |       7 |   3.3 |      68 |       4 |   5.6
            +---------+---------+-------+---------+---------+-------
        D:1 |      34 |       3 |   8.1 |      21 |       2 |   8.7
        D:2 |      62 |       0 |   0.0 |      22 |       0 |   0.0
        D:3 |     107 |       4 |   3.6 |      25 |       2 |   7.4
            +---------+---------+-------+---------+---------+-------
